 Dungeon Crawl Stone Soup version 0.30-a0-948-g4fa250aae5 (webtiles) character file.

Game seed: 14914737364959907069

402 billz999 the Chiller (level 6, -4/41 HPs)
             Began as a Merfolk Ice Elementalist on Mar 26, 2023.
             Was an Initiate of Gozag.
             Killed from afar by Blork the orc (12 damage)
             ... with a puff of flame
             ... on level 4 of the Dungeon.
             The game lasted 00:12:47 (4262 turns).

billz999 the Chiller (Merfolk Ice Elementalist)     Turns: 4262, Time: 00:12:47

Health: -4/41      AC:  2    Str:  8    XL:     6   Next: 85%
Magic:  14/14      EV: 12    Int: 17    God:    Gozag
Gold:   491        SH:  0    Dex: 14    Spells: 6/15 levels left

rFire   x . .      SeeInvis .    l - staff of cold
rCold   + + .      Faith    .    (no shield)
rNeg    . . .      Spirit   .    a - +0 robe
rPois   .          Reflect  .    (no helmet)
rElec   .          Rampage  .    (no cloak)
rCorr   .                        (no gloves)
Will    .....                    (no boots)
Stlth   ++                       (no amulet)
HPRegen 0.26/turn                f - ring of ice
MPRegen 0.14/turn                (no ring)

@: no status effects
A: (nimble swimmer 2), mertail
a: Renounce Religion, Potion Petition, Call Merchant, Bribe Branch


You were on level 4 of the Dungeon.
You worshipped Gozag.
Gozag was aware of your devotion.
You visited 2 branches of the dungeon, and saw 5 of its levels.
You also visited: Ossuary.

You collected 528 gold pieces.
You paid 37 gold pieces to Gozag.

Inventory:

Hand Weapons
 d - a +0 sling of freezing
Missiles
 g - 10 poisoned darts
Armour
 a - a +0 robe (worn)
Magical Staves
 l - a staff of cold (weapon)
Jewellery
 f - a ring of ice (left hand)
 u - a ring of protection from fire
Scrolls
 h - 5 scrolls of teleportation {unknown}
 i - 2 scrolls of magic mapping
 m - 8 scrolls of identify
 n - 2 scrolls of enchant weapon {unknown}
 o - a scroll of immolation {unknown}
 p - a scroll of fear {unknown}
 q - a scroll of fog {unknown}
 s - a scroll of silence {unknown}
 t - a scroll of vulnerability {unknown}
Potions
 b - a potion of magic
 c - 5 potions of curing
 e - 2 potions of cancellation {unknown}
 j - 6 potions of heal wounds {unknown}
 k - 7 potions of flight {unknown}
 r - 4 potions of haste {unknown}
 v - a potion of mutation {unknown}
 x - 2 potions of lignification {unknown}
 z - a potion of ambrosia {unknown}


   Skills:
 - Level 2.6 Dodging
 - Level 2.1 Stealth
 + Level 5.4 Spellcasting
 + Level 6.2 Ice Magic


You had 6 spell levels left.
You knew the following spells:

 Your Spells              Type           Power      Damage    Failure   Level
a - Freeze                Ice            100%       1d10      1%          1
b - Frozen Ramparts       Ice            100%       1d16      3%          3
c - Ozocubu's Armour      Ice            55%        N/A       3%          3
d - Ensorcelled Hibernat  Hex/Ice        68%        N/A       6%          2

Your spell library contained the following spells:

 Spells                   Type           Power      Damage    Failure   Level
 Apportation              Tloc           8%         N/A       14%         1
 Necrotise                Necr           16%        1d4       14%         1
 Summon Small Mammal      Summ           16%        N/A       14%         1
 Passwall                 Tmut/Erth      3%         N/A       21%         2
 Summon Ice Beast         Ice/Summ       34%        N/A       36%         4
 Call Canine Familiar     Summ           4%         N/A       38%         3
 Portal Projectile        Hex/Tloc       8%         N/A       38%         3
 Swiftness                Air            4%         N/A       38%         3
 Leda's Liquefaction      Hex/Erth       2%         N/A       80%         4
 Alistair's Intoxication  Tmut/Pois      2%         N/A       98%         5
 Ozocubu's Refrigeration  Ice            27%        4d13      100%        7


Dungeon Overview and Level Annotations

Branches:
Dungeon (4/15)             Temple (1/1) D:4         Ossuary (visited)

Altars:
Ashenzari
Cheibriados
Dithmenos
Elyvilon
Fedhas
Gozag
Hepliaklqana
Makhleb
Nemelex Xobeh
Okawaru
Qazlal
Ru
Sif Muna
Trog
Uskayaw
Wu Jian
Xom
Yredelemnul
Zin
The Shining One

Shops:
D:2 !   D:3 ?

Annotations:
D:4 Blork the orc


Innate Abilities, Weirdness & Mutations

((You are very nimble when in or above water. (Stealth+, EV+, Speed+++)))
Your lower body shifts to a powerful aquatic tail in water.


Message History

Aiming: Freeze (safe; 1% risk of failure)
Press: ? - help, Shift-Dir - straight line, f/p - hound
Aim: a hound (heavily wounded)
You feel a strong surge of power!
You freeze the hound!
You kill the hound!
You now have 491 gold pieces (gained 8).
c - 5 potions of curing (gained 1)
There is a stone staircase leading down here.
There is a stone staircase leading down here.
You see here 3 stones.
There is a stone staircase leading down here.
You see here 3 stones.
There is a stone staircase leading down here.
There is a stone staircase leading up here.
Blork the orc shouts!
Blork the orc looks satisfied for a moment.
Blork the orc casts a spell.
Blork the orc seems to speed up.
Blork the orc looks satisfied for a moment.
Blork the orc barely misses you.
Blork the orc hits you from afar with a +0 glaive!
You see here a +0 long sword.
Blork the orc hits you from afar with a +0 glaive!
Blork the orc gestures at you while chanting.
The puff of flame hits you! The fire burns you terribly!
* * * LOW HITPOINT WARNING * * *
Blork the orc casts a spell at you. The puff of frost hits you. You resist.
* * * LOW HITPOINT WARNING * * *
Unknown command.
Blork the orc miscasts a cantrip.
Blork the orc closely misses you. Blork the orc barely misses you.
Blork the orc casts a cantrip, but nothing happens.
Blork the orc looks satisfied for a moment.
Blork the orc looks satisfied for a moment.
Blork the orc points at you and mumbles some strange words.
The puff of flame hits you! The fire burns you terribly!
You die...
Your body crumbles into a pile of gold.

###....#...ยง..........#.#...####o
###..##..........)o....##..# ##
##....#.......<...###..###.## #.
...#..#....#......#..).....#####.
...........#..##...o.#.##..#.##o.
...........##.###...####.........
...........##.###...# ###.....#..
.#..#...........#..## #...#......
.##.#...........@..## #...#......
.##...#.......#.....####.###.....
.#...###.....##...........#......
....##........##.................
....###......##..........#.......
......#####.#............#...##..
......# #.#............#....###
...#.## ###......#.........##
...### ##..##....##....##


You could see Blork the orc (fast).

Vanquished Creatures
  A water moccasin zombie (D:4)
  A necrophage (D:4)
  A hound (D:4)
  An orc wizard (D:3)
  8 mummies (Ossuary)
  5 adders
  An adder zombie (D:4)
  A worm (D:3)
  A dart slug (D:1)
  3 orcs (D:3)
  6 endoplasms
  5 giant cockroaches
  4 goblins
  5 hobgoblins
  4 jackals (D:4)
  5 quokkas
  3 bats (D:1)
  8 frilled lizards
  3 hobgoblin zombies (Ossuary)
  8 kobolds
  2 kobold zombies (Ossuary)
  3 orc zombies (Ossuary)
  4 rats
83 creatures vanquished.

Notes
Turn   | Place    | Note
-------+----------+-------------------------------------------
     0 | D:1      | billz999 the Merfolk Ice Elementalist began the quest for
                  | the Orb.
     0 | D:1      | Reached XP level 1. HP: 13/13 MP: 3/3
   129 | D:1      | Reached XP level 2. HP: 3/19 MP: 0/5
   496 | D:1      | Reached XP level 3. HP: 24/24 MP: 5/7
   830 | D:2      | Found Fall's Distillery.
  1148 | D:2      | Learned a level 3 spell: Frozen Ramparts
  1152 | D:2      | Learned a level 3 spell: Ozocubu's Armour
  1348 | D:2      | Reached XP level 4. HP: 30/30 MP: 7/9
  1736 | D:3      | Found Jeir's Magic Scroll Shop.
  2217 | D:3      | Learned a level 2 spell: Ensorcelled Hibernation
  2345 | D:4      | Found a staircase to the Ecumenical Temple.
  2353 | D:4      | Reached XP level 5. HP: 35/35 MP: 7/11
  2380 | Temple   | Entered the Ecumenical Temple
  2787 | Temple   | Became a worshipper of Gozag Ym Sagoz the Greedy
  2849 | D:4      | Found a sand-covered staircase.
  2857 | Ossuary  | Entered an ossuary
  2881 | Ossuary  | Reached skill level 5 in Ice Magic
  3149 | Ossuary  | Reached XP level 6. HP: 41/41 MP: 6/13
  3524 | D:4      | Noticed Blork the orc
  3731 | D:4      | Reached skill level 5 in Spellcasting
  3757 | D:4      | Reached skill level 6 in Ice Magic
  4262 | D:4      | Killed from afar by Blork the orc

Illustrated notes

Levels and vault maps discovered:
D:1:      sevenhm_arrival_forest_fort_small_6, layout_loops_ring,
          serial_park_tiny_pond
D:2:      wander_river, layout_loops_ring, serial_shops, shop
D:3:      layout_basic, serial_shops, shop, roderic_serpentine_path,
          minmay_misc_feat_cross, serial_park_tiny_1
D:4:      layout_cave_pools, lemuel_mausoleum_altar_kikubaaqudgha,
          minmay_temple_entry_purple_smoke, enter_ossuary_1, uniq_blork_the_orc
Temple:   mainiacjoe_temple_big_plus

Skill      XL: |  1  2  3  4  5  6 |
---------------+-------------------+-----
Spellcasting   | 3 4 5 |  5.4
Ice Magic      | 5 6 |  6.2
Dodging        | |  2.6
Stealth        | |  2.1

Action                     |  1- 3 |  4- 6 || total
---------------------------+-------+-------++-------
  Melee: Staff             |       |    53 ||    53
   Fire: Sling             |    68 |       ||    68
   Cast: Freeze            |    26 |    72 ||    98
         Frozen Ramparts   |       |    13 ||    13
         Ozocubu's Armour  |       |     1 ||     1
    Use: Scroll            |       |     3 ||     3
         Potion            |       |     2 ||     2
 Armour: Robe              |     9 |    24 ||    33
  Dodge: Dodged            |    23 |    73 ||    96

Table legend: (Time is in decaauts)
 A = Elapsed time spent in this place.
 B = Non-inter-level travel time spent in this place.
 C = Inter-level travel time spent in this place.
 D = Time resting spent in this place.
 E = Time spent auto-exploring this place.
 F = Levels seen in this place.
 G = Mean time per level.
                   A        B        C        D        E       F      G
               +--------+--------+--------+--------+--------+-----+--------+
         Total |   4283 |   4117 |    166 |    303 |   2726 |   6 |  713.8 |
       Dungeon |   3349 |   3220 |    129 |    219 |   2065 |   4 |  837.2 |
        Temple |    445 |    408 |     37 |      0 |    392 |   1 |  445.0 |
       Ossuary |    488 |    488 |      0 |     84 |    269 |   1 |  488.0 |
               +--------+--------+--------+--------+--------+-----+--------+

Top non-repeatable levels by time:
     D:4: 944 daAuts
     D:1: 833 daAuts
     D:3: 795 daAuts
     D:2: 776 daAuts
 Ossuary: 488 daAuts
  Temple: 445 daAuts
